 Dungeon Crawl Stone Soup version 0.29.1-15-g9cfb28693d (webtiles) character file.

Game seed: 5923546509857971293

207 Heoruswealwe the Covered (level 5, -7/67 HPs)
             Began as a Demigod Fighter on May 2, 2023.
             Mangled by an ogre
             ... wielding a +0 giant spiked club
              (11 damage)
             ... on level 4 of the Dungeon.
             The game lasted 00:24:33 (2120 turns).

Heoruswealwe the Covered (Demigod Fighter)          Turns: 2120, Time: 00:24:34

Health: -7/67      AC: 26    Str: 21    XL:     5   Next: 28%
Magic:  7/7        EV:  2    Int: 10    God:
Gold:   211        SH:  5    Dex: 13    Spells: 4/4 levels left

rFire   . . .      SeeInvis .   a - +0 war axe
rCold   . . .      Faith    .   d - +0 buckler
rNeg    . . .      Spirit   .   (body armour currently unavailable)
rPois   +          Reflect  .   (helmet currently unavailable)
rElec   .          Harm     .   (cloak currently unavailable)
rCorr   .          Rampage  .   (gloves currently unavailable)
Will    +....      NoTele   +   (boots currently unavailable)
Stlth   +.........              (no amulet)
HPRegen 0.21/turn               k - ring of willpower
MPRegen 0.10/turn               j - +4 ring of protection

@: tree-form
A: stationary, stasis, torment immunity, boosted hp, high MP 1, forlorn, divine
attributes
a: no special abilities


You were on level 4 of the Dungeon.
You were a tree.
You visited 1 branch of the dungeon, and saw 4 of its levels.

You collected 211 gold pieces.

Inventory:

Hand Weapons
 a - a +0 war axe (weapon)
Armour
 c - a +0 chain mail (melded)
 d - a +0 buckler (worn)
 h - a +0 cloak (melded)
Jewellery
 j - a +4 ring of protection (right branch)
 k - a ring of willpower (left branch)
Scrolls
 f - a scroll of enchant weapon
 i - 3 scrolls of teleportation {unknown}
 l - a scroll of magic mapping
 m - 2 scrolls of butterflies {unknown}
Potions
 b - a potion of might
 e - a potion of resistance
 g - a potion of lignification
 n - a potion of heal wounds {unknown}
 o - a potion of mutation {unknown}
 p - a potion of curing {unknown}


   Skills:
 + Level 3.6 Fighting
 + Level 3.0 Axes
 + Level 3.7 Armour
 + Level 3.6 Shields


You had 4 spell levels left.
You didn't know any spells.
Your spell library contained the following spells:

 Spells                   Type           Power      Damage    Failure   Level
 Shock                    Conj/Air       0%         1d3       45%         1
 Ignite Poison            Fire/Tmut/Pois 0%         N/A       83%         3
 Mephitic Cloud           Conj/Pois/Air  0%         N/A       83%         3
 Swiftness                Air            0%         N/A       83%         3
 Airstrike                Air            0%         2d(0-16)  99%         4
 Freezing Cloud           Conj/Ice/Air   0%         6-21      100%        5


Dungeon Overview and Level Annotations

Branches:
Dungeon (4/15)
 Temple: D:4-7


Innate Abilities, Weirdness & Mutations

You are a tree.
Your roots penetrate the ground, keeping you stationary.
You cannot be teleported.
You are immune to unholy pain and torment.
Your maximum health is greatly increased.
Your equipment is partially melded.
You have an increased reservoir of magic. (+10% MP)
You shall have no god before yourself.
Your divine heritage dramatically boosts your attributes as you level up.


Message History

The hobgoblin shouts!
The iguana hisses angrily.
The orc shouts!
The ogre shouts!
An orc comes into view. It is wielding a +0 hand axe.
The dart slug launches a dart at you. The slug dart misses you.
The dart slug launches a dart at you. You block the slug dart.
Found a stone staircase leading up.
An orc comes into view. It is wielding a +0 hand axe.
You closely miss the ogre.
The orc shouts!
You hear a shout! x2
The ogre barely misses you.
You barely miss the ogre.
The ogre hits you with a +0 giant spiked club!!
Ouch! That really hurt!
You barely miss the ogre. You slash the orc!
You kill the orc!
The ogre barely misses you. The orc barely misses you.
You slash the ogre!
The ogre is heavily wounded.
You closely miss the orc.
An orc comes into view. It is wielding a +0 mace.
The orc hits you but does no damage. The ogre barely misses you.
You barely miss the ogre.
The ogre is heavily wounded.
You hit the orc. The orc hits you but does no damage.
You barely miss the ogre.
The ogre is heavily wounded.
You hit the orc.
You kill the orc!
The ogre hits you with a +0 giant spiked club!
* * * LOW HITPOINT WARNING * * *
The orc hits you with a +0 mace.
* * * LOW HITPOINT WARNING * * *
Really quaff the potion of lignification?
You turn into a tree.
Your +0 cloak melds into your body.
Your +0 chain mail melds into your body.
Your roots penetrate the ground.
The ogre hits you with a +0 giant spiked club!
You die...

#
###############.#
......o♣Og......#
.....####l.......
... #.o.####. .
#O<.# #.g## .
##..# .o #l.# .o.
#..# ...l ##.>#


You could see an ogre, an iguana, 2 orcs and a hobgoblin.

Vanquished Creatures
  An ice beast (D:3)
  3 adders (D:2)
  A dart slug (D:2)
  5 orcs
  8 ball pythons
  4 bats
  9 endoplasms
  2 giant cockroaches (D:2)
  9 goblins
  9 hobgoblins
  7 jackals
  A quokka (D:1)
  4 frilled lizards
  4 kobolds
  6 rats
73 creatures vanquished.

Notes
Turn   | Place    | Note
-------+----------+-------------------------------------------
     0 | D:1      | Heoruswealwe the Demigod Fighter began the quest for the
                  | Orb.
     0 | D:1      | Reached XP level 1. HP: 18/18 MP: 3/3
   661 | D:1      | Reached XP level 2. HP: 23/25 MP: 4/4
  1019 | D:2      | Reached XP level 3. HP: 22/31 MP: 5/5
  1673 | D:3      | Reached XP level 4. HP: 38/38 MP: 6/6
  1678 | D:3      | Noticed an ice beast
  1696 | D:3      | Killed an ice beast
  1697 | D:3      | Reached XP level 5. HP: 36/45 MP: 7/7
  2099 | D:4      | Noticed an ogre
  2120 | D:4      | Mangled by an ogre

Illustrated notes

Levels and vault maps discovered:
D:1:      denvon_arrival_waterhouse, layout_basic, grunt_decor_resistance,
          minmay_cupped
D:2:      layout_rooms, shapermc_ecumenical_altar_venn
D:3:      layout_rooms, minmay_goblin_outpost
D:4:      layout_layer_cave

Skill      XL: |  1  2  3  4  5 |
---------------+----------------+-----
Axes           | 2 3 |  3.0
Armour         | 3 |  3.7
Shields        | 3 |  3.6
Fighting       | 3 |  3.6

Action                   |  1- 3 |  4- 6 || total
-------------------------+-------+-------++-------
Melee: War axe           |   131 |    71 ||   202
  Use: Scroll            |     5 |       ||     5
       Potion            |       |     1 ||     1
Armor: Scale mail        |    76 |       ||    76
       Chain mail        |       |    44 ||    44
Dodge: Dodged            |    71 |    25 ||    96
Block: Buckler           |    36 |    23 ||    59
